 Dungeon Crawl Stone Soup version 0.28-a0-750-g7c675f85b1 (webtiles) character file.

Game seed: 2444361800263343901

61 rogsnak the Digger (level 4, -4/31 HPs)
             Began as a Barachi Earth Elementalist on Oct 30, 2021.
             Slain by Ijyb (5 damage)
             ... on level 2 of the Dungeon.
             The game lasted 00:04:34 (2630 turns).

rogsnak the Digger (Barachi Earth Elementalist)     Turns: 2630, Time: 00:04:34

Health: -4/31      AC:  2    Str: 10    XL:     4   Next: 7%
Magic:  6/8        EV: 12    Int: 16    God:
Gold:   130        SH:  0    Dex: 12    Spells: 4/8 levels left

rFire   . . .      SeeInvis .   g - +1 short sword (venom)
rCold   . . .      Faith    .   (no shield)
rNeg    . . .      Spirit   .   b - +0 robe
rPois   .          Reflect  .   (no helmet)
rElec   .          Harm     .   (no cloak)
rCorr   .          Rampage  .   (no gloves)
Will    .....                   (no boots)
Stlth   ++........              (no amulet)
HPRegen 0.10/turn               (no ring)
MPRegen 0.11/turn               (no ring)

@: attractive, slow
A: amphibious, slowness 1, strong legs 1, +LOS
a: Hop


You were on level 2 of the Dungeon.
You visited 1 branch of the dungeon, and saw 2 of its levels.

You collected 130 gold pieces.

Inventory:

Hand Weapons
 e - a +0 club
 f - a +0 whip
 g - a +1 short sword of venom (weapon)
Missiles
 c - 22 stones
Armour
 b - a +0 robe (worn)
Scrolls
 a - a scroll of identify {unknown}
 h - a scroll of immolation {unknown}
 i - a scroll of summoning {unknown}
 j - a scroll of enchant weapon {unknown}


   Skills:
 + Level 0.4 Fighting
 + Level 2.6 Dodging
 - Level 2.0 Stealth
 - Level 2.8 Spellcasting
 * Level 1.2 Conjurations
 - Level 1.1 Transmutations
 + Level 3.7 Earth Magic


You had 4 spell levels left.
You knew the following spells:

 Your Spells              Type           Power      Damage    Failure   Level
a - Sandblast             Erth           28%        2d8       4%          1
b - Stone Arrow           Conj/Erth      20%        3d8       21%         3

Your spell library contained the following spells:

 Spells                   Type           Power      Damage    Failure   Level
 Passwall                 Tmut/Erth      8%         N/A       11%         2
 Petrify                  Tmut/Erth      10%        N/A       56%         4


Dungeon Overview and Level Annotations

Branches:
Dungeon (2/15)

Altars:
Wu Jian

Annotations:
D:2 Ijyb


Innate Abilities, Weirdness & Mutations

You are amphibious.
You cover ground slowly.
You can hop short distances.
You have an extended range of vision and can be seen from far away.


Message History

Things that are here:
a +0 dagger; 2 stones Ijyb misses you.
Unknown command.
You closely miss Ijyb. Ijyb hits you with a +0 club.
You completely miss Ijyb. Ijyb hits you with a +0 club.
Ijyb completely misses you.
Unknown command.
Unknown command.
You closely miss Ijyb. Ijyb hits you with a +0 club.
Unknown command.
You barely miss Ijyb. Ijyb hits you with a +0 club.
Unknown command.
Casting: Sandblast (safe; 4% risk of failure)
Confirm with . or Enter, or press ? or * to list all spells.
The spell is quite dangerous to cast (21% risk of failure)!
Continue anyway?
Okay, then.
Casting: Stone Arrow (quite dangerous; 21% risk of failure)
Confirm with . or Enter, or press ? or * to list all spells.
Aiming: Sandblast (safe; 4% risk of failure)
Press: ? - help, Shift-Dir - straight line, f - Ijyb
Aim: Ijyb, wielding a +0 club, wearing a +0 scale mail, quivering stones and carrying a wand of iceblast (5) (77% to hit)
The blast of sand misses Ijyb.
Ijyb hits you with a +0 club.
* * * LOW HITPOINT WARNING * * *
Unknown command.
Casting: Sandblast (safe; 4% risk of failure)
Confirm with . or Enter, or press ? or * to list all spells.
Aiming: Sandblast (safe; 4% risk of failure)
Press: ? - help, Shift-Dir - straight line, f/p - Ijyb
Aim: Ijyb, wielding a +0 club, wearing a +0 scale mail, quivering stones and carrying a wand of iceblast (5) (77% to hit)
The blast of sand hits Ijyb but does no damage.
Ijyb hits you with a +0 club.
* * * LOW HITPOINT WARNING * * *
You barely miss Ijyb. Ijyb hits you with a +0 club.
* * * LOW HITPOINT WARNING * * *
Unknown command.
It was a potion of attraction.
You feel attractive to monsters. Ijyb hits you with a +0 club.
You die...

(.#### ###.####....#.#.##.#
..# #.# ##.#.#.#.##.# ..# #.#
#.#.#.#.##.# ..# #.#
#..)#....#.# ..# #.#
#.#........# ..# #.#
###.#........#
#g##########.###............#
....g(.........g...#........#
#.##########.###@#.........##
#. #....).)<......## ..
#####.#.######## ##
#######.#.# #.......#.#
###### #.#######.#
.......##.........#
.......†...########
######.##.##


You could see Ijyb.

Vanquished Creatures
  2 adders (D:2)
  A dart slug (D:1)
  4 endoplasms
  A giant cockroach (D:2)
  10 goblins
  4 hobgoblins
  4 jackals (D:1)
  A ball python (D:1)
  5 frilled lizards
  2 kobolds
  3 rats (D:1)
37 creatures vanquished.

Notes
Turn   | Place    | Note
-------+----------+-------------------------------------------
     0 | D:1      | rogsnak the Barachi Earth Elementalist began the quest for
                  | the Orb.
     0 | D:1      | Reached XP level 1. HP: 13/13 MP: 3/3
   126 | D:1      | Found a faded altar of an unknown god.
   372 | D:1      | Reached XP level 2. HP: 6/19 MP: 3/5
  1410 | D:1      | Reached XP level 3. HP: 17/24 MP: 7/7
  1414 | D:1      | Learned a level 3 spell: Stone Arrow
  1696 | D:2      | Found an ornate altar of the Wu Jian Council.
  2224 | D:2      | Reached skill level 1 in Conjurations
  2224 | D:2      | Noticed Ijyb
  2296 | D:2      | Reached XP level 4. HP: 20/31 MP: 8/8
  2629 | D:2      | HP: 1/31 [Ijyb (3)]
  2630 | D:2      | Slain by Ijyb

Illustrated notes

Levels and vault maps discovered:
D:1:      dpeg_arrival_shelter, layout_rooms,
          hellmonk_ecumenical_altar_arch_garden, minmay_pentomino_x2
D:2:      kennysheep_the_goblin_king, layout_loops_ring, basic_altar

Skill      XL: |  1  2  3 |
---------------+----------+-----
Stealth        | 2 |  2.0
Conjurations   | 1 |  1.2
Fighting       | |  0.4
Dodging        | |  2.6
Spellcasting   | |  2.8
Transmutations | |  1.1
Earth Magic    | |  3.7

Action                   |  1- 3 |  4- 6 || total
-------------------------+-------+-------++-------
Melee: Unarmed           |    13 |       ||    13
       Club              |    37 |       ||    37
       Short sword       |    65 |     6 ||    71
       Whip              |     7 |       ||     7
 Cast: Sandblast         |     5 |     3 ||     8
  Use: Potion            |       |     1 ||     1
 Stab: Sleeping          |     1 |       ||     1
Armor: Robe              |    11 |     2 ||    13
Dodge: Dodged            |    71 |     7 ||    78

Table legend: (Time is in decaauts)
 A = Elapsed time spent in this place.
 B = Non-inter-level travel time spent in this place.
 C = Inter-level travel time spent in this place.
 D = Time resting spent in this place.
 E = Time spent auto-exploring this place.
 F = Levels seen in this place.
 G = Mean time per level.
                   A        B        C        D        E       F      G
               +--------+--------+--------+--------+--------+-----+--------+
         Total |   2807 |   2807 |      0 |   1297 |    846 |   2 | 1403.5 |
       Dungeon |   2807 |   2807 |      0 |   1297 |    846 |   2 | 1403.5 |
               +--------+--------+--------+--------+--------+-----+--------+

Top non-repeatable levels by time:
     D:1: 1750 daAuts
     D:2: 1056 daAuts
